 Dungeon Sprint DCSS version 0.29-a0-512-gf59ac788ac (webtiles) character file.

Game seed: 6301715625241992210

47542 mhtbhm the Wrestler (level 14, -3/195 HPs)
             Began as a Troll Transmuter on May 29, 2022.
             Was an Initiate of Gozag.
             Killed from afar by an ice dragon (68 damage)
             ... with a blast of cold
             ... in the Dungeon (Sprint IX: "|||||||||||||||||||||||||||||").
             The game lasted 00:17:21 (4199 turns).

mhtbhm the Wrestler (Troll Transmuter)              Turns: 4199, Time: 00:17:21

Health: -3/195     AC: 18    Str: 31    XL:     14   Next: 8%
Magic:  0/29       EV: 10    Int: 13    God:    Gozag
Gold:   3802       SH:  0    Dex: 10    Spells: 11/37 levels left

rFire   + + .      SeeInvis .     - Unarmed
rCold   x . .      Faith    .   (shield currently unavailable)
rNeg    . . .      Spirit   +   (body armour currently unavailable)
rPois   +          Reflect  .   (helmet currently unavailable)
rElec   .          Harm     .   (cloak currently unavailable)
rCorr   .          Rampage  .   (gloves unavailable)
Will    +....      NoTele   +   (boots unavailable)
Stlth   ++........              z - amulet of guardian spirit
HPRegen 1.22/turn               n - +2 ring of protection
MPRegen 0.21/turn               w - ring of wizardry

@: dragon-form (expiring), gold aura, flying
A: dragon claw, dragon scales, breathe fire, flying, boosted hp, giant,
unfitting armour, (claws 3), regeneration 1, (shaggy fur 1), (tough skin 1)
a: Breathe Fire, End Transformation, Renounce Religion, Potion Petition, Call
Merchant, Bribe Branch


You were in the Dungeon.
You worshipped Gozag.
Gozag was most pleased with you.
You were a fearsome dragon!
You visited 1 branch You collected 13192 gold pieces.
You spent 3869 gold pieces at shops.
You paid 5521 gold pieces to Gozag.

Inventory:

Missiles
 o - 13 large rocks (quivered)
Armour
 a - a +2 robe of willpower
 b - the +0 robe of Evolution (melded) {rPois rC+ rCorr}
   (You bought it in a shop in the Dungeon)

   rC:        It protects you from cold.
   rPois:     It protects you from poison.
   rCorr:     It protects you from acid and corrosion.
 l - a +0 cloak (melded)
 m - the +2 hood of the Assassin (melded) {Detection Stab+ Stlth++}
   (You bought it in a shop in the Dungeon)

   It allows the wearer to sense nearby creatures.
   It allows the wearer to make particularly effective stabbing attacks against
   helpless or unaware enemies with any weapon.
   Stlth:     It makes you much more stealthy.
 u - a +1 hat
 C - +0 storm dragon scales
 D - +0 acid dragon scales
 E - +0 swamp dragon scales
Jewellery
 n - a +2 ring of protection (left foreclaw)
 w - a ring of wizardry (right foreclaw)
 y - a ring of ice
 z - an amulet of guardian spirit (around neck)
 A - a ring of ice
 B - a ring of protection from fire
Wands
 k - a wand of iceblast (4)
Scrolls
 h - 2 scrolls of blinking
 j - 3 scrolls of amnesia
 p - a scroll of poison
 q - a scroll of identify
 r - 10 scrolls of enchant armour
 s - 3 scrolls of fog
 t - 4 scrolls of enchant weapon
 G - 2 scrolls of fear
 H - a scroll of immolation
Potions
 c - 7 potions of curing
 d - a potion of invisibility
 f - 4 potions of magic
 g - 3 potions of berserk rage
 i - 5 potions of heal wounds
 v - 2 potions of brilliance {unknown}
 x - 2 potions of lignification
 F - 2 potions of mutation
Miscellaneous
 I - a tin of tremorstones (2/2)


   Skills:
 + Level 6.0 Fighting
 + Level 3.8 Throwing
 + Level 11.0 Dodging
 + Level 4.7 Stealth
 + Level 25.4 Unarmed Combat
 + Level 12.0 Spellcasting
 + Level 12.9 Transmutations
 + Level 4.0 Ice Magic
 + Level 3.4 Evocations


You had 11 spell levels left.
You knew the following spells:

 Your Spells              Type           Power      Damage    Failure   Level
a - Beastly Appendage     Tmut           82%        N/A       1%          1
b - Wereblood             Tmut           41%        N/A       1%          2
c - Spider Form           Tmut/Pois      24%        N/A       1%          3
d - Ice Form              Ice/Tmut       30%        N/A       1%          4
e - Blade Hands           Tmut           20%        N/A       1%          5
f - Slow                  Hex            28%        N/A       3%          1
g - Confusing Touch       Hex            7%         N/A       11%         3
h - Dragon Form           Tmut           20%        N/A       16%         7

Your spell library contained the following spells:

 Spells                   Type           Power      Damage    Failure   Level
 Irradiate                Conj/Tmut      12%        3d17      8%          5
 Portal Projectile        Hex/Tloc       14%        N/A       11%         3
 Tukima's Dance           Hex            7%         N/A       11%         3
 Vampiric Draining        Necr           7%         2d6       11%         3


Dungeon Overview and Level Annotations

Branches:
Dungeon (1/1)

Altars:
Cheibriados
Dithmenos
Elyvilon
Fedhas
Gozag
Hepliaklqana
Kikubaaqudgha
Makhleb
Nemelex Xobeh
Okawaru
Qazlal
Ru
Sif Muna
Trog
Uskayaw
Vehumet
Wu Jian
Xom
Yredelemnul
Zin
The Shining One
Beogh
Jiyva
Lugonu

Shops:
D *:(([*??:


Innate Abilities, Weirdness & Mutations

You are a fearsome dragon!
You have a powerful clawing attack.
Your giant scaled body is strong and resiliant, but less evasive.
You can breathe fire.
You are flying.
Your maximum health is greatly increased.
Your armour is entirely melded.
You are incapable of wielding weapons or throwing items.
You are too large for most types of armour.
((You have claws for hands.))
Your natural rate of healing is unusually fast.
((You are covered in fur. (AC +1)))
((You have tough skin. (AC +1)))


Message History

You kill the deep troll earth mage!
The fire dragon is distracted by your dazzling golden aura.
Your Spellcasting skill increases to level 12!
Unknown command.
A rakshasa comes into view. It is wielding a +0 long sword.
The fire dragon is no longer distracted by gold.
The fire dragon breathes flames at you. The blast of flame hits you!
You resist.
* * * LOW HITPOINT WARNING * * *
You see here 207 gold pieces.
You bite the fire dragon!!
The fire dragon is heavily wounded.
Your transformation is almost over.
The ice dragon is no longer distracted by gold.
Unknown command.
Unknown command.
You bite the fire dragon!!
You tail-slap the fire dragon, but do no damage.
You bite the fire dragon!
The fire dragon is almost dead.
The fire dragon bites you.
* * * LOW HITPOINT WARNING * * *
The fire dragon barely misses you.
The fire dragon tramples you but does no damage.
The ettin is distracted by your dazzling golden aura.
You maul the fire dragon!!!
You kill the fire dragon!
Things that are here:
234 gold pieces; 6 large rocks The ice dragon is engulfed in blazing flames.
You see here 180 gold pieces.
Things that are here:
216 gold pieces; a +1 battleaxe of freezing
Things that are here:
126 gold pieces; 4 large rocks You have got your breath back.
The ice dragon breathes frost at you. The blast of cold hits you!!!!
You feel a terrible chill!
You die...
Your body crumbles into a pile of gold.

.▓.▓)▓.▓.▓.▓.▓.▓.▓
.▓.▓)▓.▓[▓.▓)▓.▓.▓
.▓.▓)▓.▓)▓.▓.▓.▓$▓
.▓.▓.▓.▓[▓.▓.▓.▓D▓
.▓.▓.▓.▓.▓.▓'▓.▓$▓
.▓.▓.▓.▓.▓.♣∩♣.▓$▓
.▓.▓.▓.▓.▓.♣.♣.▓$▓
.▓∩▓)▓.▓)▓.♣.♣.▓$▓
'▓.▓)▓.▓)▓.♣.♣.▓D▓
.▓.▓.▓.▓)▓.♣.♣.▓$▓
.▓)▓)▓.▓)▓.♣.♣.▓$▓
.▓.▓)▓.▓)▓.♣.♣.▓$▓
.▓.▓)▓.▓)▓.♣.♣.▓$▓
.▓.▓.▓.▓)▓.♣[♣.▓.▓
.▓.▓.▓.▓)▓.♣'♣.▓.▓
)▓.▓)▓.▓.▓.▓.▓.▓.▓
.▓.▓)▓.▓.▓.▓.▓.▓.▓


You could see an ice dragon (catching breath).

Vanquished Creatures
  Gastronok (D)
  2 frost giants (D)
  2 fire giants (D)
  A ghost moth (D)
  A broodmother (D)
  3 very ugly things (D)
  3 stone giants (D)
  A bunyip (D)
  A spark wasp (D)
  A fire dragon (D)
  A merfolk impaler (D)
  2 hydras (D)
  A boulder beetle (D)
  2 ice dragons (D)
  An anaconda (D)
  A ghost crab (D)
  A merfolk avatar (D)
  A naga warrior (D)
  An alligator (shapeshifter) (D)
  2 centaur warriors (D)
  An alligator snapping turtle (D)
  An alligator (D)
  4 deep troll earth magi (D)
  2 deep troll shamans (D)
  An orc high priest (D)
  A goliath frog (D)
  2 pharaoh ants (D)
  A skeletal warrior (D)
  A salamander mystic (D)
  An orb spider (D)
  A swamp dragon (D)
  2 harpies (D)
  An orc knight (D)
  A wolf spider (D)
  An ugly thing (D)
  8 orc sorcerers (D)
  3 cyclopes (D)
  A salamander (D)
  A black mamba (shapeshifter) (D)
  A merfolk siren (D)
  4 black mambas (D)
  Joseph (D)
  4 naga magi (D)
  3 cane toads (D)
  2 rime drakes (D)
  2 komodo dragons (D)
  A kobold demonologist (D)
  A bloated husk (D)
  A meliai (D)
  A merfolk (D)
  A wind drake (shapeshifter) (D)
  A blink frog (D)
  A snapping turtle (D)
  A slime creature (D)
  A wind drake (D)
  A culicivora (D)
  A wraith (D)
  2 yaks (D)
  Eustachio (D)
  A basilisk (D)
  2 wyverns (D)
  A redback (D)
  2 wargs (D)
  A vampire mosquito (D)
  A hell hound (D)
  2 water moccasins (D)
  11 orc warriors (D)
  A centaur (D)
  5 wolves (D)
  A phantom (D)
  2 bullfrogs (D)
  A scorpion (D)
  A howler monkey (D)
  4 orc priests (D)
  10 orc wizards (D)
  A hell rat (D)
  2 adders (D)
  5 orcs (D)
  An endoplasm (D)
  2 hobgoblins (D)
  A quokka (D)
  A frilled lizard (D)
153 creatures vanquished.

Vanquished Creatures (others)
  A fenstrider witch (D)
  A bunyip (D)
2 creatures vanquished.

Grand Total: 155 creatures vanquished

Notes
Turn   | Place    | Note
-------+----------+-------------------------------------------
     0 | D        | mhtbhm the Troll Transmuter began the quest for the Orb.
     0 | D        | Reached XP level 1. HP: 18/18 MP: 1/1
    13 | D        | Reached skill level 4 in Unarmed Combat
    35 | D        | Noticed a scorpion
    35 | D        | Noticed a phantom
    42 | D        | Killed a phantom
    43 | D        | Reached skill level 6 in Unarmed Combat
    43 | D        | Reached XP level 2. HP: 23/26 MP: 1/4
    43 | D        | Reached XP level 3. HP: 28/32 MP: 1/5
    43 | D        | Reached XP level 4. HP: 35/40 MP: 1/6
    45 | D        | Reached skill level 7 in Unarmed Combat
    45 | D        | Killed a scorpion
    46 | D        | Reached skill level 8 in Unarmed Combat
    46 | D        | Reached XP level 5. HP: 44/46 MP: 1/8
    55 | D        | Learned a level 2 spell: Wereblood
    59 | D        | Learned a level 3 spell: Spider Form
    64 | D        | Learned a level 4 spell: Ice Form
    69 | D        | Found a snail-covered altar of Cheibriados.
    69 | D        | Found a shadowy altar of Dithmenos.
    69 | D        | Found a white marble altar of Elyvilon.
    69 | D        | Found a blossoming altar of Fedhas.
    69 | D        | Found an opulent altar of Gozag.
    70 | D        | Found a hazy altar of Hepliaklqana.
    71 | D        | Found a viscous altar of Jiyva.
    72 | D        | Found an ancient bone altar of Kikubaaqudgha.
    73 | D        | Found a corrupted altar of Lugonu.
    74 | D        | Found a burning altar of Makhleb.
    75 | D        | Found a sparkling altar of Nemelex Xobeh.
    76 | D        | Found an iron altar of Okawaru.
    77 | D        | Found a stormy altar of Qazlal.
    79 | D        | Became a worshipper of Gozag Ym Sagoz the Greedy
    81 | D        | Found a sacrificial altar of Ru.
    82 | D        | Found a shimmering blue altar of Sif Muna.
    83 | D        | Found a bloodstained altar of Trog.
    84 | D        | Found a hide-covered altar of Uskayaw.
    85 | D        | Found a radiant altar of Vehumet.
    86 | D        | Found an ornate altar of the Wu Jian Council.
    87 | D        | Found a shimmering altar of Xom.
    88 | D        | Found a basalt altar of Yredelemnul.
    89 | D        | Found a glowing silver altar of Zin.
    90 | D        | Found a glowing golden altar of the Shining One.
   124 | D        | Noticed a centaur
   124 | D        | Noticed a wyvern
   124 | D        | Noticed a kobold demonologist
   124 | D        | Noticed a yak
   127 | D        | Killed a yak
   128 | D        | Reached skill level 9 in Unarmed Combat
   128 | D        | Reached XP level 6. HP: 54/54 MP: 5/10
   129 | D        | Killed a kobold demonologist
   130 | D        | Reached skill level 1 in Fighting
   130 | D        | Reached skill level 5 in Dodging
   130 | D        | Reached skill level 11 in Unarmed Combat
   130 | D        | Reached XP level 7. HP: 47/62 MP: 5/12
   136 | D        | Killed a wyvern
   137 | D        | Reached skill level 12 in Unarmed Combat
   194 | D        | Noticed a basilisk
   194 | D        | Noticed a wraith
   194 | D        | Noticed a vampire mosquito
   194 | D        | Noticed a centaur warrior
   194 | D        | Noticed a cyclops
   194 | D        | Noticed a cyclops
   197 | D        | Killed a cyclops
   198 | D        | Reached skill level 13 in Unarmed Combat
   198 | D        | Reached skill level 5 in Spellcasting
   198 | D        | Reached skill level 5 in Transmutations
   198 | D        | Reached XP level 8. HP: 41/70 MP: 10/14
   202 | D        | Killed a cyclops
   203 | D        | Reached skill level 14 in Unarmed Combat
   210 | D        | Killed a centaur warrior
   211 | D        | Reached XP level 9. HP: 28/79 MP: 12/16
   213 | D        | Reached skill level 15 in Unarmed Combat
   392 | D        | Noticed a black mamba
   392 | D        | Noticed a cane toad
   392 | D        | Noticed a black mamba
   392 | D        | Noticed a komodo dragon
   394 | D        | Killed a komodo dragon
   400 | D        | Killed a black mamba
   401 | D        | Reached skill level 16 in Unarmed Combat
   403 | D        | Noticed a rime drake
   404 | D        | Noticed a cane toad
   406 | D        | Killed a cane toad
   407 | D        | Noticed a rime drake
   411 | D        | Killed a black mamba
   417 | D        | Reached XP level 10. HP: 54/88 MP: 14/19
   419 | D        | Reached skill level 1 in Ice Magic
   419 | D        | Reached skill level 1 in Evocations
   422 | D        | Killed a cane toad
   423 | D        | Reached skill level 17 in Unarmed Combat
   482 | D        | Noticed a cane toad
   485 | D        | Killed a cane toad
   490 | D        | Noticed a black mamba
   499 | D        | Reached skill level 18 in Unarmed Combat
   502 | D        | Reached skill level 1 in Stealth
   502 | D        | Killed a black mamba
   671 | D        | Noticed Eustachio
   672 | D        | Noticed Gastronok
   687 | D        | Killed Gastronok
   688 | D        | Reached skill level 19 in Unarmed Combat
   688 | D        | Reached XP level 11. HP: 57/98 MP: 20/20
   689 | D        | Killed Eustachio
   828 | D        | Bought 2 pink potions for 52 gold pieces
   828 | D        | Bought an encrusted glass ring for 145 gold pieces
   834 | D        | Bought a runed robe for 107 gold pieces
   839 | D        | Bought a scroll of enchant armour for 217 gold pieces
   892 | D        | Noticed an orc knight
   913 | D        | Killed an orc knight
   914 | D        | Reached skill level 1 in Throwing
  1062 | D        | Noticed an orc sorcerer
  1069 | D        | Killed an orc sorcerer
  1070 | D        | Noticed an orc high priest
  1088 | D        | Reached skill level 20 in Unarmed Combat
  1089 | D        | Killed an orc high priest
  1200 | D        | Found Utumanei's Antique Armour Boutique.
  1200 | D        | Noticed an orc sorcerer
  1200 | D        | Noticed an orc sorcerer
  1200 | D        | Noticed an orc sorcerer
  1201 | D        | Noticed an orc sorcerer
  1203 | D        | Killed an orc sorcerer
  1205 | D        | Killed an orc sorcerer
  1205 | D        | Noticed an orc sorcerer
  1206 | D        | Found Zafifi's Antique Weapon Shop.
  1208 | D        | Killed an orc sorcerer
  1212 | D        | Found Itsi's Antique Weapon Boutique.
  1212 | D        | Noticed an orc sorcerer
  1421 | D        | Killed an orc sorcerer
  1445 | D        | Killed an orc sorcerer
  1447 | D        | Killed an orc sorcerer
  1476 | D        | Found Oceneq's Book Shop.
  1486 | D        | Noticed an orc sorcerer
  1494 | D        | Killed an orc sorcerer
  1495 | D        | Reached skill level 21 in Unarmed Combat
  1677 | D        | Bought a book of Weapons for 392 gold pieces
  1683 | D        | Learned a level 5 spell: Blade Hands
  1689 | D        | Bought the +2 hood of the Assassin {Detection Stab+
                  | Stlth++} for 1260 gold pieces
  1689 | D        | Found the +2 hood of the Assassin {Detection Stab+ Stlth++}
  1690 | D        | Bought a faintly humming robe for 119 gold pieces
  1690 | D        | Identified the +0 robe of Evolution {rPois rC+ rCorr} (You
                  | bought it in a shop in the Dungeon)
  1971 | D        | Bought a scroll of enchant armour for 97 gold pieces
  1971 | D        | Bought a scroll of fear for 45 gold pieces
  1971 | D        | Bought a scroll of immolation for 45 gold pieces
  1971 | D        | Noticed a boulder beetle
  1971 | D        | Noticed a six-headed hydra
  1971 | D        | Noticed a skeletal warrior
  1971 | D        | Noticed a cyan ugly thing
  1972 | D        | Noticed a centaur warrior
  1975 | D        | Killed a cyan ugly thing
  1977 | D        | Killed a skeletal warrior
  1983 | D        | Noticed an ice dragon
  2012 | D        | Killed a six-headed hydra
  2013 | D        | Reached XP level 12. HP: 82/109 MP: 11/23
  2022 | D        | Killed a centaur warrior
  2221 | D        | Bought a potion of curing for 42 gold pieces
  2221 | D        | Bought a tin of tremorstones (2/2) for 560 gold pieces
  2221 | D        | Bought a wand of iceblast (3) for 98 gold pieces
  2254 | D        | Noticed a deep troll shaman
  2265 | D        | Killed an ice dragon
  2268 | D        | Killed a deep troll shaman
  2276 | D        | Noticed a deep troll earth mage
  2277 | D        | Noticed a white very ugly thing
  2279 | D        | Noticed a frost giant
  2280 | D        | Noticed a green very ugly thing
  2284 | D        | Killed a boulder beetle
  2291 | D        | Killed a white very ugly thing
  2292 | D        | Reached skill level 5 in Fighting
  2292 | D        | Reached skill level 22 in Unarmed Combat
  2293 | D        | Killed a deep troll earth mage
  2297 | D        | Killed a frost giant
  2309 | D        | Killed a green very ugly thing
  2310 | D        | Noticed a deep troll shaman
  2438 | D        | Bought a scroll of amnesia for 49 gold pieces
  2438 | D        | Bought a scroll of fog for 28 gold pieces
  2438 | D        | Bought a scroll of summoning for 133 gold pieces
  2459 | D        | Killed a deep troll shaman
  2503 | D        | Noticed Joseph
  2512 | D        | Killed Joseph
  2610 | D        | Noticed a bunyip
  2610 | D        | Noticed a fenstrider witch
  2610 | D        | Noticed a bunyip
  2610 | D        | Noticed a ghost crab
  2618 | D        | Learned a level 1 spell: Slow
  2622 | D        | Learned a level 3 spell: Confusing Touch
  2634 | D        | Noticed an eight-headed hydra
  2635 | D        | Killed a ghost crab
  2636 | D        | Killed a bunyip
  2637 | D        | Killed a fenstrider witch
  2638 | D        | Reached skill level 10 in Transmutations
  2638 | D        | Killed a bunyip
  2705 | D        | Noticed an alligator
  2709 | D        | Reached skill level 23 in Unarmed Combat
  2713 | D        | Killed an eight-headed hydra
  2931 | D        | Killed an alligator
  2997 | D        | Bought a book of Transfigurations for 480 gold pieces
  3005 | D        | Learned a level 7 spell: Dragon Form
  3170 | D        | Noticed a broodmother
  3174 | D        | Reached skill level 10 in Dodging
  3174 | D        | Reached XP level 13. HP: 118/118 MP: 0/25
  3177 | D        | Reached skill level 10 in Spellcasting
  3186 | D        | Killed a ghost moth
  3193 | D        | Killed a broodmother
  3207 | D        | HP: 5/178 [disintegration (48)]
  3666 | D        | Noticed a merfolk impaler
  3676 | D        | Killed a merfolk impaler
  3693 | D        | Reached skill level 24 in Unarmed Combat
  4148 | D        | Noticed a fire giant
  4148 | D        | Noticed a fire giant
  4148 | D        | Noticed a brown very ugly thing
  4148 | D        | Noticed a stone giant
  4154 | D        | Noticed a stone giant
  4155 | D        | Killed a stone giant
  4156 | D        | Noticed a spark wasp
  4158 | D        | Killed a brown very ugly thing
  4161 | D        | Killed a fire giant
  4162 | D        | Noticed a frost giant
  4164 | D        | Killed a fire giant
  4169 | D        | Noticed a stone giant
  4171 | D        | Killed a stone giant
  4175 | D        | Killed a spark wasp
  4176 | D        | Reached skill level 25 in Unarmed Combat
  4179 | D        | Killed a frost giant
  4180 | D        | Noticed a fire dragon
  4182 | D        | Reached XP level 14. HP: 78/130 MP: 7/28
  4185 | D        | Killed a stone giant
  4199 | D        | Killed from afar by an ice dragon

Illustrated notes

Levels and vault maps discovered:
D:        linesprint [early_d, line_temple, items_1, d_10, items_2, lair_1,
          lair_end, items_3, orc_1, orc_end, items_4, d_15, swamp_1, shoals_1,
          snake_1, spider_1, d_20, vaults_1, items_5, swamp_end, shoals_end,
          snake_end, spider_end, vaults_end, d_27, items_6, zot_1, zot_end,
          crypt_end, forest_end, elf_end, slime_end, tomb_end, abyss_end,
          pan_hell_end]

Skill      XL: |  1  2  3  4  5  6  7  8  9 10 11 12 13 14 |
---------------+-------------------------------------------+-----
Unarmed Combat | 6 8 9 11 13 14 16 19 21 23 25 | 25.4
Dodging        | 3 4 5 6 7 8 9 10 11 | 11.0
Spellcasting   | 2 3 4 5 6 7 8 9 11 12 | 12.0
Transmutations | 2 3 4 5 6 7 9 10 12 | 12.9
Fighting       | 1 2 3 4 5 6 |  6.0
Ice Magic      | 2 3 4 |  4.0
Evocations     | 1 2 3 |  3.4
Stealth        | 1 2 3 4 |  4.7
Throwing       | 2 3 |  3.8

Action                   |  1- 3 |  4- 6 |  7- 9 | 10-12 | 13-15 || total
-------------------------+-------+-------+-------+-------+-------++-------
Melee: Unarmed           |    13 |    10 |    45 |   213 |    79 ||   360
       Kick              |     2 |     1 |     7 |     2 |       ||    12
       Headbutt          |     1 |     2 |     5 |     2 |       ||    10
       Punch             |       |       |     1 |    13 |    11 ||    25
       Tailslap          |       |       |       |       |    13 ||    13
       Bite              |       |       |       |       |     9 ||     9
Throw: Large rock        |       |       |       |    11 |       ||    11
 Cast: Beastly Appendage |     2 |     2 |     1 |     2 |       ||     7
       Wereblood         |       |     1 |     2 |    15 |     4 ||    22
       Ice Form          |       |       |     1 |     6 |       ||     7
       Blade Hands       |       |       |       |     8 |     1 ||     9
       Dragon Form       |       |       |       |     1 |     6 ||     7
Invok: Call Merchant     |       |       |       |     5 |       ||     5
       Potion Petition   |       |       |       |     1 |       ||     1
 Abil: End Transformatio |       |       |       |     1 |     2 ||     3
       Breathe Fire      |       |       |       |       |     5 ||     5
Evoke: Wand              |       |       |     3 |     6 |       ||     9
       Tin of tremorston |       |       |       |     2 |     1 ||     3
  Use: Potion            |     1 |       |     1 |     5 |       ||     7
       Scroll            |       |       |       |       |     1 ||     1
 Stab: Distracted        |       |       |       |     5 |     1 ||     6
       Sleeping          |       |       |       |     1 |       ||     1
Armor: Robe              |     2 |       |     7 |    16 |       ||    25
       Skin              |       |       |     3 |     8 |    23 ||    34
Dodge: Dodged            |     2 |     3 |    14 |    63 |    17 ||    99

Table legend: (Time is in decaauts)
 A = Elapsed time spent in this place.
 B = Non-inter-level travel time spent in this place.
 C = Inter-level travel time spent in this place.
 D = Time resting spent in this place.
 E = Time spent auto-exploring this place.
 F = Levels seen in this place.
 G = Mean time per level.
                   A        B        C        D        E       F      G
               +--------+--------+--------+--------+--------+-----+--------+
         Total |   4034 |   4034 |      0 |   1658 |    639 |   1 | 4034.0 |
       Dungeon |   4034 |   4034 |      0 |   1658 |    639 |   1 | 4034.0 |
               +--------+--------+--------+--------+--------+-----+--------+

Top non-repeatable levels by time:
       D: 4034 daAuts
